 Dungeon Crawl Stone Soup version 0.29.1-14-g9c671dbff4 (webtiles) character file.

Game seed: 5190689388778684897

101 Peloso the Covered (level 4, 0/40 HPs)
             Began as a Minotaur Fighter on Feb 14, 2023.
             Succumbed to a scorpion's poison
             ... on level 4 of the Dungeon.
             The game lasted 00:02:49 (1124 turns).

Peloso the Covered (Minotaur Fighter)               Turns: 1124, Time: 00:02:50

Health: 0/40       AC: 12    Str: 21    XL:     4   Next: 48%
Magic:  3/3        EV:  6    Int:  5    God:
Gold:   73         SH:  4    Dex: 11    Spells: 3/3 levels left

rFire   + . .      SeeInvis .   a - +0 long sword
rCold   . . .      Faith    .   d - +0 buckler
rNeg    . . .      Spirit   .   c - +0 plate armour
rPois   .          Reflect  .   (helmet restricted)
rElec   .          Harm     .   (no cloak)
rCorr   .          Rampage  .   (no gloves)
Will    .....                   (no boots)
Stlth   ..........              (no amulet)
HPRegen 0.13/turn               k - ring of protection from fire
MPRegen 0.08/turn               (no ring)

@: brilliant, lethally poisoned (0 -> -4)
A: horns 2, retaliatory headbutt
a: no special abilities


You were on level 4 of the Dungeon.
You visited 1 branch of the dungeon, and saw 3 of its levels.

You collected 73 gold pieces.

Inventory:

Hand Weapons
 a - a +0 long sword (weapon)
Armour
 b - a +0 scale mail
 c - a +0 plate armour (worn)
 d - a +0 buckler (worn)
Jewellery
 k - a ring of protection from fire (left hand)
Scrolls
 e - a scroll of teleportation {unknown}
 g - a scroll of vulnerability {unknown}
 h - a scroll of silence {unknown}
 j - a scroll of blinking {unknown}
 l - a scroll of identify {unknown}
 m - a scroll of amnesia {unknown}
 n - a scroll of noise {unknown}
Potions
 f - 2 potions of might


   Skills:
 + Level 4.1 Fighting
 + Level 4.0 Long Blades
 + Level 4.5 Armour
 + Level 0.5 Dodging
 + Level 0.2 Stealth
 + Level 4.2 Shields


You had 3 spell levels left.
You didn't know any spells.
Your spell library was empty.

Dungeon Overview and Level Annotations

Branches:
Dungeon (2/15)

Altars:

Annotations:
D:2 Sigmund


Innate Abilities, Weirdness & Mutations

You have a pair of horns on your head.
You reflexively headbutt those who attack you in melee.


Message History

You hit the scorpion.
The scorpion is lightly wounded.
The scorpion barely misses you. You furiously retaliate!
You headbutt the scorpion. The scorpion stings you.
You are poisoned.
The scorpion poisons you!
You hit the scorpion but do no damage.
You headbutt the scorpion, but do no damage.
The scorpion is heavily wounded.
You feel very sick. The scorpion stings you.
You are more poisoned.
The scorpion poisons you!
You hit the scorpion. You headbutt the scorpion.
The scorpion is almost dead.
You feel very sick. The scorpion stings you. x2
* * * LOW HITPOINT WARNING * * *
You slash the scorpion!
You kill the scorpion!
* * * LOW HITPOINT WARNING * * *
You feel very sick.
Your Long Blades skill increases to level 4!
You have reached level 4!
You feel stronger.
You are too injured to fight recklessly!
Unknown command.
Okay, then.
* * * LOW HITPOINT WARNING * * *
You feel sick.
* * * LOW HITPOINT WARNING * * *
You feel sick.
* * * LOW HITPOINT WARNING * * *
You feel sick.
You see here a viscous ruby potion.
It was a potion of brilliance.
You feel clever all of a sudden.
* * * LOW HITPOINT WARNING * * *
You feel sick.
You die...

..>.. ...
... #.#
#†# #.#
#.# # #.#
#. #@#
..##.###.#
.........#
#.##....##
#...###.#
### #.##
#..# ##.#
#.#


There were no monsters in sight!

Vanquished Creatures
  A scorpion (D:4)
  An adder (D:2)
  A ball python (D:1)
  3 bats (D:1)
  7 endoplasms
  A giant cockroach (D:2)
  3 hobgoblins
  3 kobolds
  3 quokkas (D:1)
  3 frilled lizards
  6 rats (D:1)
32 creatures vanquished.

Notes
Turn   | Place    | Note
-------+----------+-------------------------------------------
     0 | D:1      | Peloso the Minotaur Fighter began the quest for the Orb.
     0 | D:1      | Reached XP level 1. HP: 19/19 MP: 0/0
    95 | D:1      | Reached XP level 2. HP: 27/27 MP: 1/1
   813 | D:2      | Reached XP level 3. HP: 33/33 MP: 2/2
   870 | D:2      | Noticed Sigmund
  1104 | D:2      | Found the +5 scythe "Finisher" {speed, eviscerate}
  1104 | D:2      | You fall into a shaft and drop 2 floors!
  1111 | D:4      | Noticed a scorpion
  1119 | D:4      | Killed a scorpion
  1120 | D:4      | Reached XP level 4. HP: 6/40 MP: 3/3
  1122 | D:4      | HP: 2/40 [poisoned by a scorpion]
  1124 | D:4      | Succumbed to a scorpion's poison

Illustrated notes

Levels and vault maps discovered:
D:1:      wheals_arrival_shading, layout_loops_ring, due_unseen_surprise
D:2:      layout_basic, minmay_pentomino_p4, uniq_sigmund
D:4:      layout_loops_ring, old_standard_altar, kennysheep_mini_moat,
          temple_green, serial_shops, shop

Skill      XL: |  1  2  3 |
---------------+----------+-----
Fighting       | 4 |  4.1
Armour         | 4 |  4.5
Shields        | 4 |  4.2
Long Blades    | 4 |  4.0
Dodging        | |  0.5
Stealth        | |  0.2

Action                   |  1- 3 |  4- 6 || total
-------------------------+-------+-------++-------
Melee: Long sword        |    76 |       ||    76
       Headbutt          |    11 |       ||    11
  Use: Potion            |     1 |     1 ||     2
Armor: Scale mail        |     7 |       ||     7
       Plate armour      |    50 |       ||    50
Dodge: Dodged            |    33 |       ||    33
Block: Buckler           |    17 |       ||    17
